 Dungeon Crawl Stone Soup version 0.24.0-37-gcf1ca852f1 (webtiles) character file.

Game seed: 2205984088446660015, levelgen mode: deterministic

60393 Ponchio the Eclecticist (level 14, -9/91 HPs)
             Began as a Gargoyle Earth Elementalist on Dec 7, 2019.
             Was a High Priest of Vehumet.
             Killed by divine providence
             ... invoked by Saint Roka
              (11 damage)
             ... on level 2 of the Orcish Mines on Dec 8, 2019.
             The game lasted 02:11:05 (21131 turns).

Ponchio the Eclecticist (GrEE)                     Turns: 21131, Time: 02:11:05

Health: -9/91      AC: 22    Str: 13    XL:     14   Next: 99%
Magic:  48/51      EV: 14    Int: 23    God:    Vehumet [*****.]
Gold:   1759       SH:  7    Dex: 10    Spells: 29/44 levels left

rFire    . . .     SeeInvis .   N - staff of earth
rCold    . . .     Gourm    .   A - +2 buckler
rNeg     + . .     Faith    .   C - +2 robe
rPois    ∞         Spirit   .   i - +2 helmet {Int+3}
rElec    +         Reflect  .   w - +2 cloak
rCorr    .         Harm     .   P - +0 pair of gloves
MR       +....                  L - +0 pair of boots
Stlth    ++........             a - amulet of the acrobat
HPRegen  0.25/turn              n - ring of magical power
MPRegen  0.32/turn              u - ring of magical power

@: flying
A: big wings, negative energy resistance 1, electricity resistance, unbreathing,
petrification resistance, rot immunity, AC +10
a: Stop Flying, Renounce Religion


You were on level 2 of the Orcish Mines.
You worshipped Vehumet.
Vehumet was extremely pleased with you.
You were hungry.

You visited 4 branches of the dungeon, and saw 19 of its levels.
You also visited: Ossuary.

You collected 1892 gold pieces.
You spent 133 gold pieces at shops.

Inventory:

Hand Weapons
 R - a +5 vampiric war axe
Missiles
 k - 154 stones (quivered)
Armour
 i - a +2 helmet of intelligence (worn)
 w - a +2 cloak (worn)
 A - a +2 buckler (worn)
 B - a scarf of cloud immunity
 C - a +2 robe (worn)
 H - the +0 pair of gloves of the Battered Planets {rElec rPois Regen+ Dex-3}
   (You acquired it on level 9 of the Dungeon)

   It affects your dexterity (-3).
   It insulates you from electricity.
   It protects you from poison.
   It increases your rate of regeneration.
 L - a +0 pair of boots (worn)
 P - a +0 pair of gloves (worn)
Magical Staves
 N - an uncursed staff of earth (weapon)
Jewellery
 a - an amulet of the acrobat (around neck)
 n - a ring of magical power (left hand)
 s - an uncursed ring of wizardry
 u - a ring of magical power (right hand)
 F - an uncursed ring of protection from cold
Wands
 o - a wand of acid (4)
 p - a wand of digging (9)
 v - a wand of disintegration (14)
 x - a wand of iceblast (6)
 z - a wand of flame (31)
 J - a wand of random effects (26)
 T - a wand of clouds (5)
Scrolls
 e - 11 scrolls of teleportation
 g - a scroll of amnesia
 h - 10 scrolls of remove curse
 q - a scroll of immolation
 r - 5 scrolls of fog
 y - 3 scrolls of enchant armour
 G - a scroll of magic mapping
 I - 2 scrolls of blinking
 Q - a scroll of fear
 S - 3 scrolls of identify
Potions
 c - a potion of invisibility
 f - 2 potions of lignification
 j - 5 potions of might
 l - 7 potions of curing
 m - 2 potions of cancellation
 t - 3 potions of mutation
 D - a potion of magic
 E - 4 potions of flight
 K - 2 potions of berserk rage
 M - a potion of heal wounds
 O - a potion of brilliance
 U - a potion of agility
 V - a potion of ambrosia
Comestibles
 d - 58 rations


   Skills:
 - Level 11.7 Fighting
 - Level 2.9 Axes
 * Level 5.0 Dodging
 - Level 2.1 Stealth
 - Level 6.8 Shields
 * Level 15.8 Spellcasting
 - Level 0.7 Transmutations
 + Level 14.9 Earth Magic


You had 29 spell levels left.
You knew the following spells:

 Your Spells              Type           Power        Failure   Level  Hunger
a - Sandblast             Erth           ######       0%          1    None
b - Passwall              Tmut/Erth      ######..     1%          2    None
c - Stone Arrow           Conj/Erth      ######       1%          3    None
d - Petrify               Tmut/Erth      ######..     1%          4    None
e - Lee's Rapid Deconstr  Erth           #######...   1%          5    ##.....

Your spell library contained the following spells:

 Spells                   Type           Power        Failure   Level  Hunger
 Bolt of Draining         Conj/Necr      ###.......   22%         5    ##.....
 Flame Tongue             Conj/Fire      ###..        1%          1    None
 Freeze                   Ice            ###.         1%          1    None
 Magic Dart               Conj           ###.         1%          1    None
 Sting                    Conj/Pois      ###.         1%          1    None
 Searing Ray              Conj           ###...       1%          2    None
 Throw Frost              Conj/Ice       ###...       1%          2    None
 Beastly Appendage        Tmut           ###...       2%          1    None
 Dazzling Spray           Conj/Hex       ###...       2%          3    None
 Sticks to Snakes         Tmut           ###.....     3%          2    None
 Iron Shot                Conj/Erth      ######....   6%          6    ####...
 Spider Form              Tmut/Pois      ###.......   9%          3    None
 Force Lance              Conj/Tloc      ###.....     9%          4    None
 Fulminant Prism          Conj/Hex       ###.......   9%          4    None
 Iskenderun's Mystic Bla  Conj           ###.....     9%          4    None
 Throw Icicle             Conj/Ice       ###.....     9%          4    None
 Ozocubu's Armour         Chrm/Ice       ###.....     10%         3    None
 Ice Form                 Ice/Tmut       ###.....     26%         4    None
 Summon Ice Beast         Ice/Summ       ###.....     30%         4    None
 Blade Hands              Tmut           ###.......   54%         5    ##.....


Dungeon Overview and Level Annotations

Branches:
Dungeon (10/15)            Temple (1/1) D:5            Lair (6/6) D:8
 Shoals (0/4) Lair:3        Snake (0/4) Lair:2        Slime (0/5) Lair:5
    Orc (2/2) D:10            Elf (0/3) Orc:2       Ossuary (visited)

Altars:
Ashenzari
Cheibriados
Dithmenos
Elyvilon
Fedhas
Gozag
Hepliaklqana
Kikubaaqudgha
Makhleb
Nemelex Xobeh
Okawaru
Qazlal
Ru
Sif Muna
Trog
Uskayaw
Vehumet
Wu Jian
Xom
Yredelemnul
Zin
The Shining One
Beogh

Shops:
D:9 =   Orc:2 (([?(

Annotations:
Orc:1 1 runed translucent door, ernesto's ghost, journeyman MfGl
Orc:2 Saint Roka


Innate Abilities, Weirdness & Mutations

You are resistant to torment.
Your stone body is resilient. (AC +10)
You are immune to poison.
Your large and strong wings let you fly indefinitely.
You resist negative energy. (rN+)
You are resistant to electric shocks. (rElec)
You can survive without breathing.
You are immune to petrification.
You are immune to rotting.


Message History

You feel much better.
The orc priest no longer looks unusually strong.
Saint Roka roars a battlecry!
The orc priest goes into a battle-frenzy!
Saint Roka calls down the wrath of Beogh upon you.
Beogh smites you!
* * * LOW HITPOINT WARNING * * *
Saint Roka mumbles some strange prayers to Beogh against you.
Beogh smites you!
* * * LOW HITPOINT WARNING * * *
The orc priest no longer looks unusually strong.
Things that are here:
a +0 ring mail; a +0 hand axe; a cursed -1 flail
There is a stone staircase leading up, spattered with blood here.
The orc priest mumbles some strange prayers to Beogh against you.
Beogh smites you!
* * * LOW HITPOINT WARNING * * *
Saint Roka invokes the aid of Beogh against you.
Beogh smites you!
You die...

#################
#.##.#....##.##.##
....).[..........##
.....8[8.8....#.#.##
......⌠.⌠..#...#.[.#
.....8.∩.8....##@.##
#.....⌠.⌠.......[.#
.#...8.8.8......o##
.........#...[...##
#.......###....)..##
........###...[.[..##
........#.)...[.....#
.#............o....##
#.....######......##


You could see Saint Roka and an orc priest.

Vanquished Creatures
  Jorgrun (Orc:2)
  Rupert (Orc:2)
  Gastronok (Lair:2)
  An orc warlord (Orc:2)
  A fire dragon (Lair:6)
  5 hydras
  Erica (D:8)
  2 two-headed ogres
  6 death yaks (Lair:6)
  Nergalle (Lair:3)
  Sonja (Lair:2)
  A swamp dragon (Lair:6)
  2 oklob plants (Lair:5)
  2 orc sorcerers
  2 orc knights
  A manticore (Lair:6)
  A cyclops (Orc:1)
  10 elephants
  A centaur zombie (D:10)
  A black mamba (Lair:4)
  5 spiny frogs
  A torpor snail (Lair:4)
  2 rime drakes
  7 komodo dragons
  3 trolls
  12 polar bears
  16 blink frogs
  A dream sheep (Lair:6)
  5 hippogriffs
  4 wyverns
  20 yaks
  3 hogs (D:7)
  3 basilisks
  3 steam dragons
  A human (D:7)
  14 wargs
  2 hungry ghosts (D:7)
  Purgy (D:4)
  4 acid dragons (Lair:6)
  10 water moccasins
  17 hell hounds (Lair:6)
  6 porcupines
  A sky beast (D:10)
  An ice beast (D:10)
  38 orc warriors
  11 black bears (Lair:6)
  5 phantoms
  22 wolves
  8 ogres
  8 centaurs
  11 crocodiles
  A big kobold (D:10)
  Blork the orc (D:4)
  12 bullfrogs
  3 scorpions
  8 killer bees
  4 electric eels
  8 crimson imps
  2 bullfrog zombies
  3 hounds
  4 bullfrog skeletons
  20 orc wizards
  27 orc priests
  2 human zombies (Ossuary)
  6 worker ants
  4 iguanas
  A big kobold zombie (Ossuary)
  A hound skeleton (D:8)
  4 mummies (Ossuary)
  A worker ant zombie (D:8)
  6 adders
  11 gnolls
  A howler monkey skeleton (D:7)
  3 shadow imps
  3 oozes
  2 adder zombies (Ossuary)
  3 adder skeletons
  2 worms (D:2)
  2 dart slugs (D:1)
  6 leopard geckos
  95 orcs
  6 giant cockroaches
  5 gnoll zombies
  9 goblins
  5 hobgoblins
  8 jackals
  13 kobolds
  2 quokkas
  A ball python (D:3)
  7 bats
  13 frilled lizards
  A giant cockroach zombie (D:6)
  2 goblin zombies (Ossuary)
  A jackal zombie (D:6)
  A kobold zombie (Ossuary)
  A quokka zombie (D:10)
  4 rats
  A rat zombie (Ossuary)
  3 fungi
  A plant (Lair:6)
617 creatures vanquished.

Vanquished Creatures (others)
  12 fungi
  20 plants
32 creatures vanquished.

Grand Total: 649 creatures vanquished

Notes
Turn   | Place    | Note
-------+----------+-------------------------------------------
     0 | D:1      | Ponchio the Gargoyle Earth Elementalist began the quest for
                  | the Orb.
     0 | D:1      | Reached XP level 1. HP: 10/10 MP: 3/3
   180 | D:1      | Reached XP level 2. HP: 15/15 MP: 0/5
   455 | D:1      | Reached XP level 3. HP: 19/19 MP: 5/7
   570 | D:1      | Reached skill level 3 in Spellcasting
  1446 | D:2      | Reached XP level 4. HP: 24/24 MP: 9/9
  1666 | D:2      | Found a glowing golden altar of the Shining One.
  1971 | D:3      | Reached XP level 5. HP: 27/28 MP: 10/10
  1973 | D:3      | Reached skill level 4 in Spellcasting
  2095 | D:3      | Reached skill level 5 in Earth Magic
  2303 | D:4      | Noticed Blork the orc
  2369 | D:4      | Noticed Purgy
  2384 | D:4      | Killed Purgy
  2384 | D:4      | Reached skill level 5 in Spellcasting
  2384 | D:4      | Reached XP level 6. HP: 32/32 MP: 13/13
  2448 | D:4      | Learned a level 2 spell: Passwall
  2452 | D:4      | Learned a level 3 spell: Stone Arrow
  2457 | D:4      | Learned a level 4 spell: Petrify
  2463 | D:4      | Learned a level 5 spell: Lee's Rapid Deconstruction
  2687 | D:4      | Reached XP level 7. HP: 36/36 MP: 15/15
  2691 | D:4      | Killed Blork the orc
  3016 | D:4      | Reached skill level 6 in Spellcasting
  3176 | D:5      | Entered Level 5 of the Dungeon
  3292 | D:5      | Found a staircase to the Ecumenical Temple.
  3473 | D:5      | Reached XP level 8. HP: 38/41 MP: 18/18
  3493 | Temple   | Entered the Ecumenical Temple
  3650 | Temple   | Became a worshipper of Vehumet
  3675 | D:5      | Reached skill level 7 in Spellcasting
  3826 | D:5      | Found a transporter.
  3829 | D:5      | Found a transporter.
  4026 | D:5      | Reached skill level 1 in Fighting
  4191 | D:5      | Found a basalt altar of Yredelemnul.
  4276 | D:6      | Reached skill level 1 in Shields
  4393 | D:6      | Found a shimmering blue altar of Sif Muna.
  4472 | D:6      | Found a sand-covered staircase.
  4493 | D:6      | Reached * piety under Vehumet
  4493 | D:6      | Offered knowledge of Magic Dart by Vehumet.
  4493 | D:6      | Reached skill level 8 in Spellcasting
  4611 | Ossuary  | Entered an ossuary
  4652 | Ossuary  | Reached XP level 9. HP: 33/49 MP: 18/21
  5177 | D:6      | Offered knowledge of Searing Ray by Vehumet.
  5517 | D:7      | Reached ** piety under Vehumet
  5614 | D:7      | Got a jasper-encrusted ring mail
  5615 | D:7      | Identified the +2 ring mail "Mifyfami" {rF- rC+++ rCorr
                  | Int+4} (You found it on level 7 of the Dungeon)
  5819 | D:7      | Noticed a +0 dagger
  5819 | D:7      | Noticed a +0 hand axe
  5820 | D:7      | Found a hide-covered altar of Uskayaw.
  5827 | D:7      | Found a bloodstained altar of Trog.
  5968 | D:7      | Reached skill level 9 in Spellcasting
  6143 | D:8      | Found a sacrificial altar of Ru.
  6143 | D:8      | Noticed a two-headed ogre
  6160 | D:7      | Reached XP level 10. HP: 56/58 MP: 17/23
  6294 | D:8      | Found a shadowy altar of Dithmenos.
  6339 | D:8      | Reached skill level 5 in Fighting
  6345 | D:8      | Offered knowledge of Ignite Poison by Vehumet.
  6356 | D:8      | Reached skill level 5 in Shields
  6678 | D:8      | Found a staircase to the Lair.
  6705 | D:8      | Reached *** piety under Vehumet
  6705 | D:8      | Reached skill level 10 in Spellcasting
  6821 | D:8      | Noticed Erica
  6824 | D:8      | Killed Erica
  7053 | D:8      | Killed a two-headed ogre
  7053 | D:8      | Reached skill level 10 in Earth Magic
  7229 | Lair:1   | Entered Level 1 of the Lair of Beasts
  7363 | Lair:1   | Noticed a spiny frog
  7367 | Lair:1   | Killed a spiny frog
  7367 | Lair:1   | Reached XP level 11. HP: 66/66 MP: 25/25
  7574 | Lair:1   | Offered knowledge of Force Lance by Vehumet.
  7788 | Lair:1   | Reached skill level 11 in Spellcasting
  8356 | Lair:2   | Found a staircase to the Snake Pit.
  8414 | Lair:2   | Noticed Sonja
  8418 | Lair:2   | Killed Sonja
  8496 | Lair:2   | Noticed Gastronok
  8501 | Lair:2   | Killed Gastronok
  9172 | Lair:3   | Noticed a four-headed hydra
  9192 | Lair:3   | Killed a four-headed hydra
  9192 | Lair:3   | Reached skill level 12 in Spellcasting
  9192 | Lair:3   | Reached XP level 12. HP: 74/74 MP: 28/28
  9219 | Lair:3   | Noticed Nergalle
  9226 | Lair:3   | Killed Nergalle
  9231 | Lair:3   | Reached **** piety under Vehumet
  9412 | Lair:3   | Found a staircase to the Shoals.
  9563 | Lair:3   | Offered knowledge of Lightning Bolt by Vehumet.
 10170 | Lair:4   | Noticed a six-headed hydra
 10184 | Lair:4   | Killed a six-headed hydra
 11154 | Lair:5   | Reached skill level 13 in Spellcasting
 11377 | Lair:5   | Found a staircase to the Slime Pits.
 11710 | Lair:5   | Noticed a seven-headed hydra
 11715 | Lair:5   | Killed a seven-headed hydra
 12081 | Lair:5   | Reached skill level 10 in Fighting
 12173 | Lair:6   | Entered Level 6 of the Lair of Beasts
 12173 | Lair:6   | Noticed a five-headed hydra
 12176 | Lair:6   | Killed a five-headed hydra
 12176 | Lair:6   | Reached XP level 13. HP: 82/82 MP: 30/30
 12439 | Lair:6   | Reached ***** piety under Vehumet
 12460 | Lair:6   | Offered knowledge of Spellforged Servitor by Vehumet.
 12970 | Lair:6   | Reached skill level 1 in Axes
 12976 | Lair:6   | Reached skill level 14 in Spellcasting
 14189 | Lair:6   | Offered knowledge of Conjure Ball Lightning by Vehumet.
 14196 | Lair:6   | Gained mutation: Your large and strong wings let you fly
                  | indefinitely. [Gargoyle growth]
 14196 | Lair:6   | Reached XP level 14. HP: 70/90 MP: 32/32
 14612 | Lair:6   | Reached skill level 15 in Spellcasting
 15709 | D:9      | Identified a scroll of acquirement
 15710 | D:9      | Got a pair of ancient gloves
 15721 | D:9      | Identified the +0 pair of gloves of the Battered Planets
                  | {rElec rPois Regen+ Dex-3} (You acquired it on level 9 of
                  | the Dungeon)
 15737 | D:9      | Identified the Disquisition on Excruciating Flames
 15780 | D:9      | Found a stormy altar of Qazlal.
 15902 | D:9      | Found Veucratu's Jewellery Shoppe.
 16239 | D:10     | Entered Level 10 of the Dungeon
 16507 | D:10     | Found a staircase to the Orcish Mines.
 17217 | Orc:1    | Entered Level 1 of the Orcish Mines
 17670 | Orc:2    | Entered Level 2 of the Orcish Mines
 17670 | Orc:2    | Noticed Jorgrun
 17670 | Orc:2    | Noticed Saint Roka
 17707 | Orc:2    | Found Omeutoze's Weapon Emporium.
 17743 | Orc:2    | Noticed Rupert
 17746 | Orc:2    | Killed Jorgrun
 17757 | Orc:2    | Offered knowledge of Orb of Destruction by Vehumet.
 17763 | Orc:2    | Killed Rupert
 18796 | Orc:2    | Found a roughly hewn altar of Beogh.
 18852 | Orc:2    | Found Anawk's Antique Weapon Shop.
 19403 | Orc:2    | Found a roughly hewn altar of Beogh.
 19419 | Orc:2    | Found Cotesoah's Magic Scroll Boutique.
 19429 | Orc:2    | Bought a scroll of blinking for 105 gold pieces
 19429 | Orc:2    | Bought a scroll of identify for 28 gold pieces
 19551 | Orc:1    | Found a runed translucent door.
 19552 | Orc:1    | Found a shimmering altar of Xom.
 19552 | Orc:1    | Noticed ernesto's ghost (journeyman MfGl)
 19718 | Orc:1    | Paralysed by an orc sorcerer for 7 turns
 19867 | Orc:1    | Offered knowledge of Bolt of Draining by Vehumet.
 20378 | Orc:2    | Found a roughly hewn altar of Beogh.
 20406 | Orc:2    | Found a staircase to the Elven Halls.
 20459 | Orc:2    | Noticed an orc warlord
 20745 | Orc:2    | Found Maah's Antique Armour Emporium.
 20746 | Orc:2    | Found a roughly hewn altar of Beogh.
 20749 | Orc:2    | Found Tuosyoj's Antique Weapon Shoppe.
 20825 | Orc:2    | Killed an orc warlord
 20825 | Orc:2    | Reached skill level 5 in Dodging
 21090 | Orc:2    | Found a roughly hewn altar of Beogh.
 21131 | Orc:2    | HP: 2/91 [orc priest/divine providence (14)]
 21131 | Orc:2    | Killed from afar by Saint Roka

Levels and vault maps discovered:
D:1:      lightli_arrival_flooded_house, layout_loops_ring, solitary_fountain
D:2:      layout_loops_ring, tso_altar
D:3:      layout_basic, first_ration, minmay_strange_pillars
D:4:      layout_basic, chequers_serial_rivers_micro_c, uniq_purgy,
          uniq_blork_the_orc
D:5:      gammafunk_steamed_eel, layout_rooms, lemuel_zombie_altar_yredelemnul,
          minmay_temple_entry_waves
D:6:      layout_loops_ring, lemuel_doored_altar,
          nicolae_ossuary_entry_false_entrances, abandoned_shop
D:7:      layout_rooms, overflow_temple_1_default, dancing_weapons_uskayaw,
          grunt_livestock, wad_floor_pattern_untrapped
D:8:      layout_cave_pools, lemuel_crystal_altar, lair_entry_dummy,
          basic_altar, uniq_erica
D:9:      layout_irregular_city, nicolae_qazlal_eye_of_the_storm,
          minmay_misc_feat_tower, minmay_liquid_box, minmay_shop_grid_forest
D:10:     layout_basic, david_orc_3
Temple:   nicolae_temple_elliptical
Lair:1:   layout_regular_city, serial_bayou_shore_b
Lair:2:   layout_regular_city, guppyfry_snake_entry_garden,
          gammafunk_lair_bear_cave, serial_bayou_shore_a, grunt_megastairs_5,
          uniq_sonja, uniq_gastronok
Lair:3:   layout_gridlike, minmay_shoals_entry_centaurs, grunt_megastairs_2,
          uniq_nergalle
Lair:4:   layout_cave_pods, lemuel_fruit_tree
Lair:5:   layout_long_grid, minmay_slime_entry_oklob_open, fungi_pond_lemuel,
          st_stairs_8, beast_lair_carwin_11
Lair:6:   hangedman_lair_caniforms_friends, layout_layer_cave,
          guppyfry_lair_end_dragon, st_stairs_4, serial_bayou_pond_e,
          infiniplex_staircase_pool_2, lemuel_fruit_fields
Orc:1:    layout_caves, ebering_ghost_xom
Orc:2:    grunt_orc_community_town_hall, layout_caves,
          grunt_orc_community_big_house_2, grunt_orc_community_big_house_1,
          grunt_orc_community_house_2, grunt_orc_community_house_2,
          grunt_orc_community_house_1, grunt_orc_community_house_1,
          serial_shops, nicolae_shop_temple_entry_statues_fountains,
          mines5_lemuel, uniq_rupert, uniq_jorgrun, uniq_saint_roka

Skill      XL: |  1  2  3  4  5  6  7  8  9 10 11 12 13 14 |
---------------+-------------------------------------------+-----
Earth Magic    | 4 5 6 7 8 9 10 11 12 13 14 | 14.9
Spellcasting   | 3 5 6 8 9 10 12 13 14 15 | 15.8
Fighting       | 2 4 6 8 10 11 | 11.7
Shields        | 2 4 6 |  6.8
Axes           | 2 |  2.9
Dodging        | 5 |  5.0
Stealth        | |  2.1
Transmutations | |  0.7

Action                   |  1- 3 |  4- 6 |  7- 9 | 10-12 | 13-15 || total
-------------------------+-------+-------+-------+-------+-------++-------
Melee: Hand axe          |    12 |     9 |       |       |       ||    21
       Dagger            |       |     1 |    94 |     2 |       ||    97
       Scimitar          |       |       |       |    15 |       ||    15
       Staff             |       |       |       |     4 |    17 ||    21
       War axe           |       |       |       |       |    51 ||    51
 Cast: Sandblast         |    53 |    64 |   122 |    59 |   107 ||   405
       Lee's Rapid Decon |       |       |    23 |    66 |   212 ||   301
       Stone Arrow       |       |       |     1 |   116 |   119 ||   236
       Petrify           |       |       |     2 |    15 |    31 ||    48
 Abil: Fly               |       |       |       |       |     1 ||     1
Evoke: Wand              |       |       |     4 |       |     1 ||     5
  Use: Scroll            |       |     7 |    12 |     8 |    10 ||    37
       Potion            |       |     1 |       |       |     2 ||     3
 Stab: Sleeping          |     1 |       |       |     1 |       ||     2
       Petrified         |       |       |       |       |     4 ||     4
  Eat: Chunk             |     1 |     4 |    10 |    25 |    25 ||    65
       Ration            |       |       |     2 |     1 |     4 ||     7
Armor: Robe              |    16 |    15 |    54 |    48 |   152 ||   285
Dodge: Dodged            |    21 |    26 |    71 |    59 |   180 ||   357
Block: Buckler           |       |       |    27 |    38 |    94 ||   159
       Rpst.: Scimitar   |       |       |       |     3 |       ||     3
